Unix NetHack Version 5.0.0-0 post-release - last build Jun 10 2026 00:39:30 (3ee93aec679c4c4259841fe613dc97188e26a321,branch:main).

Game began 2026-06-16 06:25:14, ended 2026-06-16 06:33:59.

Brudee, chaotic female human Rogue

                                  ------------
                                  ...........-
                                  |..........|
                                 #-...........
                                 #----------.-
                                ##        ###         -----
                                #         #           |...|
                                #         #           |...|    ------------
                               ##     #####           ....-##  |..........|
                       #       #  ----.----           -+-.- ###.).........|
 ------------     ######0#   #####-...>...|              #     |..--..--..|
 |.....<....|   ###     #     ##  |........##          ####    |..--..--..|
 |..........|  ##       #     #   |.......| #####     # ##     |..........|
 |..........-###        #     #   ---------     ##########     |..........|
 |..........|          -[---- #                 #   -------    |..--..--..|
 ------------          |....| #                 G   |.....|    |..--..--..|
                       |.._..##                 #@d#|....^|    |..........|
                       |....|                      )-(....|    |..........|
                       ------                       -------    ------------

Brudee the Footpad      St:11 Dx:18 Co:12 In:9 Wi:12 Ch:12  Chaotic S:398
Dlvl:4  $:42 HP:0(16) Pw:4(4) AC:7  Xp:2/39 T:1156  Burdened

Latest messages:
 Shaggy bites it.
 Shaggy picks up an iron skull cap.
 You have a little trouble lifting n - a +0 dagger (at the ready) (12 in total).
 You learn more about your items by comparing them.
 n - a +0 dagger (at the ready) (13 in total).
 You were wearing a ring called REGENERATION (on right hand).
 Shaggy drops an iron skull cap.
 You see here a chest.
 Hmmm, the chest turns out to be locked.
 Unlock it with your lock pick? [ynq] (q) y
 You succeed in picking the lock.
 You have a little trouble removing D - a scroll labeled KERNOD WEL.
 E - a golden potion.
 You see here a brass lantern.
 A bear trap closes on your foot!
 You have a little trouble lifting F - a brass lantern.
 You are caught in a bear trap.
 Shaggy bites the kitten.
 The kitten bites Shaggy.
 What do you want to eat? [qrA or ?*] ?
 What do you want to eat? [qrA or ?*] <space>
 Never mind.
 What do you want to throw? [$bjnpz or ?*] A
 In what direction? h
 The kitten seems more amiable.
 The slime mold misses the kitten.
 Shaggy misses the kitten.
 You are caught in a bear trap.
 Shaggy misses the kitten.
 You are caught in a bear trap.
 Shaggy bites the kitten.
 The kitten is killed!
 You are caught in a bear trap.
 Your leg feels better.
 You are caught in a bear trap.
 You finally wriggle free.
 You have a little trouble lifting A - a slime mold.
 There is nothing here to pick up.
 You see here an empty unlocked chest.
 You see here a thonged club.
 You have a little trouble lifting G - a thonged club.
 What do you want to drop? [$a-cefjln-rvx-zA-G or ?*] G
 You drop a thonged club.
 The gnome swings his broadsword.
 The gnome hits!
 The gnome swings his broadsword.
 The gnome hits!
 You die...
 Do you want your possessions identified? [ynq] (y) y
 Do you want to see your attributes? [ynq] (y) q

Inventory:
 Coins    ('$')
  $ - 42 gold pieces
 Weapons  (')')
  b - a +0 dagger (alternate weapon; not wielded)
  n - 13 +0 daggers (at the ready)
  z - a +0 elven dagger
  j - a +0 orcish dagger
  p - a corroded +0 orcish dagger
  a - a +0 short sword (weapon in right hand)
 Armor    ('[')
  c - an uncursed +1 leather armor (being worn)
 Comestibles  ('%')
  A - an uncursed slime mold
  r - an uncursed partly eaten food ration
  q - an uncursed lichen corpse
 Scrolls  ('?')
  D - an uncursed scroll of confuse monster
  B - an uncursed scroll of teleportation
 Spellbooks  ('+')
  x - an uncursed spellbook of healing
 Potions  ('!')
  E - an uncursed potion of restore ability
 Rings    ('=')
  v - an uncursed ring of regeneration
  y - an uncursed ring of see invisible
 Wands    ('/')
  l - a wand of polymorph (0:7)
  C - a wand of speed monster (0:6)
 Tools    ('(')
  f - an uncursed sack containing 9 items
  o - an uncursed bugle
  F - a cursed brass lantern
  e - an uncursed lock pick

Contents of the sack:
  an uncursed scroll of create monster
  an uncursed scroll of enchant armor
  a blessed scroll of identify
  an uncursed scroll of light
  an uncursed spellbook of detect treasure
  2 blessed potions of healing
  2 uncursed potions of healing
  an uncursed potion of paralysis
  an uncursed potion of sickness

Brudee the Rogue's attributes:

Background:
 You were a Footpad, a level 2 female human Rogue.
 You were chaotic, nominally on a mission for Kos
 who was opposed by Issek (lawful) and Mog (neutral).
 You were right-handed.
 You were in the Dungeons of Doom, on level 4.
 You entered the dungeon 1156 turns ago.
 There was a new moon in effect when your adventure ended.
 You had 39 experience points, 1 more was needed to attain level 3.
 Your score was 398 before end-of-game adjustments.

Basics:
 You had 0 out of 16 hit points.
 You had all 4 energy points (spell power).
 Your armor class was 7.
 Your wallet contained 42 zorkmids.
 Autopickup was on for '$!=+?/"' plus thrown.

Final Characteristics:
 Your strength was 11 (limit:18/100).
 Your dexterity was 18 (limit:18).
 Your constitution was 12 (limit:18).
 Your intelligence was 9 (limit:18).
 Your wisdom was 12 (limit:18).
 Your charisma was 12 (limit:18).

Final Status:
 You weren't hungry.
 You were burdened; movement was slightly slowed.
 You were wielding a short sword.
 You had basic skill with short sword.

Final Attributes:
 You were devoutly aligned.
 You were stealthy.
 You were warded.
 You are dead.

Miscellaneous:
 You didn't encounter any bones levels.
 Total elapsed playing time was 8 minutes and 40 seconds.

Major events:
 Turn
    1: Brudee the chaotic female human Rogue entered the dungeon
  665: entered the Gnomish Mines
 1156: killed by a gnome

You didn't know any spells.

Skills:
 Fighting Skills
   bare handed combat [Unskilled]
   two weapon combat  [Unskilled]
   riding             [Unskilled]
 Weapon Skills
   dagger             [Basic]
   knife              [Unskilled]
   short sword        [Basic]
   broadsword         [Unskilled]
   long sword         [Unskilled]
   two-handed sword   [Unskilled]
   saber              [Unskilled]
   club               [Unskilled]
   mace               [Unskilled]
   morning star       [Unskilled]
   flail              [Unskilled]
   hammer             [Unskilled]
   polearms           [Unskilled]
   spear              [Unskilled]
   crossbow           [Unskilled]
   dart               [Unskilled]
   shuriken           [Unskilled]
 Spellcasting Skills
   divination spells  [Unskilled]
   escape spells      [Unskilled]
   matter spells      [Unskilled]

Voluntary challenges:
 Character rerolling was not enabled.
 You were an atheist.
 You were illiterate.
 You never genocided any monsters.
 You never polymorphed an object.
 You never changed form.
 You used no wishes.
Achievement:
 You entered the Gnomish Mines.

 The Dungeons of Doom: levels 1 to 5
    Level 1:
       A fountain.
    Level 2:
       A fountain.
    Level 3:
       Stairs down to The Gnomish Mines.
    Level 4: <- You were here.
       An altar to Kos.
       Final resting place for
          you, killed by a gnome.
    Level 5:
 The Gnomish Mines:
    Level 4:


Vanquished creatures:
  a floating eye
  a kitten
  a coyote
  a gnome
  a gecko
  a jackal
  a fox
  2 kobolds
  3 goblins
  2 sewer rats
  3 grid bugs
  3 lichens
  a kobold zombie
  a newt
22 creatures vanquished.

No species were genocided or became extinct.

Game over:
                       ----------
                      /          \
                     /    REST    \
                    /      IN      \
                   /     PEACE      \
                  /                  \
                  |      Brudee      |
                  |      42 Au       |
                  |   killed by a    |
                  |      gnome       |
                  |                  |
                  |                  |
                  |       2026       |
                 *|     *  *  *      | *
        _________)/\\_//(\/(/\)/\//\/|_)_______

Goodbye Brudee the Rogue...

You died in The Dungeons of Doom on dungeon level 4 with 394 points,
and 42 pieces of gold, after 1156 moves.
You were level 2 with a maximum of 16 hit points when you died.

